 Dungeon Crawl Stone Soup version 0.30-a0-737-gf23d94013f (webtiles) character file.

Game seed: 15809337994850392276

22 themarg the Trooper (level 2, 0/24 HPs)
             Began as a Mummy Cinder Acolyte on Feb 2, 2023.
             Was a High Priest of Ignis.
             Slain by a worm (11 damage)
             ... on level 2 of the Dungeon.
             The game lasted 00:02:48 (1323 turns).

themarg the Trooper (Mummy Cinder Acolyte)          Turns: 1323, Time: 00:02:49

Health: 0/24       AC:  2    Str: 17    XL:     2   Next: 68%
Magic:  1/5        EV: 11    Int: 13    God:    Ignis [*****.]
Gold:   40         SH:  0    Dex:  7    Spells: 3/5 levels left

rFire   . . .      SeeInvis .    a - -1 short sword (flame)
rCold   + . .      Faith    +    (no shield)
rNeg    + + +      Spirit   .    b - +0 robe
rPois   ∞          Reflect  .    (no helmet)
rElec   .          Harm     .    (no cloak)
rCorr   .          Rampage  .    (no gloves)
Will    .....                    (no boots)
Stlth   +                        (no amulet)
HPRegen 0.24/turn                (no ring)
MPRegen 0.09/turn                (no ring)

@: very slightly contaminated
A: cold resistance 1, negative energy resistance 3, torment resistance 2, heat
vulnerability 1, no potions, faith
a: Renounce Religion, Fiery Armour, Foxfire Swarm, Rising Flame


You were on level 2 of the Dungeon.
You worshipped Ignis.
Ignis was extremely pleased with you.
You visited 1 branch of the dungeon, and saw 2 of its levels.

You collected 40 gold pieces.

Inventory:

Hand Weapons
 a - a -1 short sword of flaming (weapon)
Missiles
 d - 11 stones (quivered)
Armour
 b - a +0 robe (worn)
Scrolls
 c - a scroll of magic mapping {unknown}


   Skills:
 - Level 3.0 Fighting
 - Level 2.4 Short Blades
 + Level 0.6 Stealth
 - Level 2.0 Spellcasting
 + Level 3.0 Fire Magic


You had 3 spell levels left.
You knew the following spells:

 Your Spells              Type           Power      Damage    Failure   Level
a - Scorch                Fire           18%        2d5       11%         2

Your spell library contained the following spells:

 Spells                   Type           Power      Damage    Failure   Level


Dungeon Overview and Level Annotations

Branches:
Dungeon (2/15)

Altars:


Innate Abilities, Weirdness & Mutations

You are immune to poison.
Your flesh is cold resistant. (rC+)
You are immune to negative energy. (rN+++)
You are immune to unholy pain and torment.
You are vulnerable to heat. (rF-)
You do not drink.
You have a special connection with the divine. (Faith)


Message History

Done exploring.
There is a stone staircase leading down here.
You climb downwards.
Found 4 stones.
There is a stone staircase leading up here.
The ball python hisses angrily.
There is a stone staircase leading up here.
Flames lash the ball python.
You kill the ball python!
You start resting.
Magic restored.
d - 11 stones (gained 4)
A worm comes into view.
There is a stone staircase leading up here.
Okay, then.
Flames lash the worm.
The worm is moderately wounded.
The worm's fire resistance burns away.
You miscast Scorch.
You are very lightly contaminated with residual magic.
Nothing appears to happen.
You don't have enough magic to cast this spell.
You hit the worm but do no damage.
The worm is moderately wounded.
The worm bites you!
You hit the worm but do no damage.
The worm is lightly wounded.
The worm is no longer more vulnerable to fire.
You hit the worm. You burn the worm.
The worm is moderately wounded.
The worm bites you.
You hit the worm. You burn the worm.
The worm is moderately wounded.
The worm barely misses you.
You hit the worm but do no damage.
The worm is moderately wounded.
You hit the worm but do no damage.
The worm is moderately wounded.
The worm bites you!
You die...

#############
#............
###.#########
#<@........
###w#######.#.
#.......w...
########.... .


You could see a worm.

Vanquished Creatures
  A dart slug (D:1)
  A ball python (D:2)
  3 bats
  2 endoplasms
  4 giant cockroaches (D:1)
  A goblin (D:1)
  A kobold (D:1)
  A quokka (D:1)
  A frilled lizard (D:1)
  3 rats
18 creatures vanquished.

Notes
Turn   | Place    | Note
-------+----------+-------------------------------------------
     0 | D:1      | themarg the Mummy Cinder Acolyte began the quest for the
                  | Orb.
     0 | D:1      | Reached XP level 1. HP: 18/18 MP: 2/2
   369 | D:1      | Reached XP level 2. HP: 20/24 MP: 5/5
   372 | D:1      | Learned a level 2 spell: Scorch
   858 | D:1      | You fall into a shaft and drop 1 floor!
  1323 | D:2      | Slain by a worm

Illustrated notes

Levels and vault maps discovered:
D:1:      elethiomel_arrival_infinity_welcomes_careful_drivers,
          layout_loops_ring
D:2:      layout_basic, dreamdust_ecumenical_altar_drowned_temple

Skill      XL: |  1  2 |
---------------+-------+-----
Spellcasting   | 2 |  2.0
Fire Magic     | 3 |  3.0
Fighting       | |  3.0
Short Blades   | |  2.4
Stealth        | |  0.6

Action                     || total
---------------------------++-------
  Melee: Short sword       ||    65
         Punch             ||     1
   Cast: Scorch            ||    12
 Armour: Robe              ||    19
  Dodge: Dodged            ||    28

Table legend: (Time is in decaauts)
 A = Elapsed time spent in this place.
 B = Non-inter-level travel time spent in this place.
 C = Inter-level travel time spent in this place.
 D = Time resting spent in this place.
 E = Time spent auto-exploring this place.
 F = Levels seen in this place.
 G = Mean time per level.
                   A        B        C        D        E       F      G
               +--------+--------+--------+--------+--------+-----+--------+
         Total |   1315 |   1271 |     44 |    121 |    936 |   2 |  657.5 |
       Dungeon |   1315 |   1271 |     44 |    121 |    936 |   2 |  657.5 |
               +--------+--------+--------+--------+--------+-----+--------+

Top non-repeatable levels by time:
     D:1: 1095 daAuts
     D:2: 219 daAuts
